 Dungeon Crawl Stone Soup version 0.31-a0-536-ga3e2962e35 (webtiles) character file.

Game seed: 9563478133710971511

91 BritishOli the Trooper (level 4, 0/36 HPs)
             Began as a Demonspawn Fighter on Aug 13, 2023.
             Was an Initiate of Okawaru.
             Slain by a gnoll
             ... wielding a +0 whip
              (6 damage)
             ... in the Ecumenical Temple.
             The game lasted 00:02:13 (2807 turns).

BritishOli the Trooper (Demonspawn Fighter)         Turns: 2807, Time: 00:02:13

Health: 0/36       AC:  0    Str: 18    XL:     4   Next: 33%
Magic:  4/4        EV: 10    Int: 11    God:    Okawaru [......]
Gold:   267        SH:  5    Dex: 15    Spells: 3/3 levels left

rFire   + + .        v - +4 mace "Ariffug" {heavy, *Slow rF+ Int+2}
rCold   . . .        c - +0 buckler
rNeg    . . .        j - +0 leather armour {rF+}
rPois   .            (no helmet)
rElec   .            (no cloak)
rCorr   .            (no gloves)
SInv    .            (no boots)
Will    .....        (no amulet)
Stlth   ++           (no ring)
HPRegen 0.26/turn    (no ring)
MPRegen 0.09/turn

%: slow self (1%)
@: corroded
A: thin skeletal structure 1, (demonic guardian 1)
a: Renounce Religion


You were in the Ecumenical Temple.
You worshipped Okawaru.
Okawaru was noncommittal.
You visited 2 branches of the dungeon, and saw 5 of its levels.

You collected 267 gold pieces.

Inventory:

Hand Weapons
 a - a +0 war axe
 v - the +4 mace "Ariffug" (weapon) {heavy, *Slow rF+ Int+2}
   (You found it on level 4 of the Dungeon)

   Int+2:     It affects your intelligence (+2).
   rF+:       It protects you from fire.
   *Slow:     It may slow you when you take damage.
Missiles
 s - a throwing net
Armour
 b - a +0 scale mail
 c - a +0 buckler (worn)
 j - a +0 leather armour of fire resistance (worn)
Jewellery
 k - a +5 ring of evasion
Wands
 t - a wand of iceblast (9)
Scrolls
 g - 5 scrolls of identify {unknown}
 h - 2 scrolls of brand weapon {unknown}
 i - 2 scrolls of noise {unknown}
 n - a scroll of immolation {unknown}
 o - a scroll of enchant weapon {unknown}
 p - a scroll of blinking {unknown}
 q - a scroll of amnesia {unknown}
Potions
 d - 2 potions of might
 e - 2 potions of curing {unknown}
 f - 2 potions of attraction {unknown}
 l - a potion of degeneration {unknown}
 m - a potion of lignification {unknown}
 r - a potion of resistance {unknown}
 u - a potion of ambrosia {unknown}


   Skills:
 + Level 3.6 Fighting
 + Level 2.6 Axes
 + Level 3.3 Armour
 + Level 3.3 Shields


You had 3 spell levels left.
You didn't know any spells.
Your spell library contained the following spells:

 Spells                   Type           Power      Damage    Failure   Level
 Shock                    Conj/Air       0%         1d3       47%         1
 Swiftness                Air            0%         N/A       85%         3
 Airstrike                Air            0%         2d(0-16)  99%         4


Dungeon Overview and Level Annotations

Branches:
Dungeon (4/15)             Temple (1/1) D:4

Altars:
Ashenzari
Cheibriados
Dithmenos
Fedhas
Gozag
Hepliaklqana
Kikubaaqudgha
Nemelex Xobeh
Okawaru
Qazlal
Ru
Sif Muna
Trog
Uskayaw
Vehumet
Wu Jian
Xom
Yredelemnul

Annotations:
Temple 4 transporters


Innate Abilities, Weirdness & Mutations

You have a somewhat thin skeletal structure. (Dex +2, Stealth+)
((A weak demonic guardian rushes to your aid.))


Message History

You block the gnoll's attack. The gnoll completely misses you.
You sock the gnoll!
You kill the gnoll!
Okawaru accepts your kill.
No target in view!
No target in view!
No target in view!
No target in view!
You start resting.
HP restored.
You climb upwards.
Welcome back to the Dungeon!
You hear the sound of rushing water.
There is an entrance to a sewer on this level.
Hurry and find it before the portal rusts away!
You hear the quick rusting of a drain nearby.
The gnoll barely misses you. The jelly hits you but does no damage.
The gnoll hits you with a +0 whip!
There is a staircase to the Ecumenical Temple here.
You sock the jelly! The acid corrodes you!
Your hands burn!
The jelly is heavily wounded.
The jelly closely misses you.
The gnoll hits you from afar with a +0 spear.
The gnoll barely misses you. The jelly barely misses you.
The hobgoblin hits you. The orc barely misses you.
The gnoll hits you from afar with a +0 spear.
The gnoll misses you. You block the hobgoblin's attack.
You block the orc's attack. The gnoll barely misses you.
The jelly completely misses you. The gnoll misses you.
You climb downwards.
Welcome back to the Ecumenical Temple!
Level annotation: 4 transporters
There is a staircase back to the Dungeon here.
You bludgeon the jelly!!
You kill the jelly!
Okawaru accepts your kill. You block the orc's attack.
You block the hobgoblin's attack. The gnoll closely misses you.
The orc hits you with a +0 hand axe! The hobgoblin hits you.
* * * LOW HITPOINT WARNING * * *
The gnoll hits you with a +0 whip.
You die...

##...._....##
#_........._#
##...........##
##..._...._....##
#...............##
_.._...©.©.._..._#
###################
.......©8©......).#
...............o@.#
.......©8©......gg#
###################
_.._...©.©.._..._#
#...............##
##.............##
##.._...._...##
#_........._#
##...._....##


You could see a gnoll, an orc and a hobgoblin.

Vanquished Creatures
  A jelly (Temple)
  An adder (D:2)
  2 gnolls (Temple)
  2 worms
  A dart slug (D:1)
  3 orcs (D:3)
  7 endoplasms
  4 giant cockroaches
  3 goblins
  3 hobgoblins
  A jackal (D:3)
  6 kobolds
  2 quokkas (D:3)
  2 ball pythons (D:1)
  10 bats
  2 frilled lizards
  2 rats
52 creatures vanquished.

Notes
Turn   | Place    | Note
-------+----------+-------------------------------------------
     0 | D:1      | BritishOli the Demonspawn Fighter began the quest for the
                  | Orb.
     0 | D:1      | Reached XP level 1. HP: 18/18 MP: 1/1
   202 | D:1      | Gained mutation: A weak demonic guardian rushes to your
                  | aid. [demonic ancestry]
   202 | D:1      | Reached XP level 2. HP: 24/24 MP: 2/2
   750 | D:2      | Found a shadowy altar of Dithmenos.
   810 | D:2      | Gained mutation: You have a somewhat thin skeletal
                  | structure. (Dex +2, Stealth+) [demonic ancestry]
   810 | D:2      | Reached XP level 3. HP: 26/29 MP: 3/3
  1135 | D:2      | Found a faded altar of an unknown god.
  2408 | D:4      | Reached XP level 4. HP: 19/35 MP: 4/4
  2652 | D:4      | Identified the +4 mace "Ariffug" {heavy, *Slow rF+ Int+2}
  2689 | D:4      | Found a staircase to the Ecumenical Temple.
  2698 | Temple   | Found a transporter.
  2698 | Temple   | Found a transporter.
  2698 | Temple   | Found a transporter.
  2698 | Temple   | Found a transporter.
  2698 | Temple   | Entered the Ecumenical Temple
  2716 | Temple   | Became a worshipper of Warmaster Okawaru
  2807 | Temple   | Slain by a gnoll

Illustrated notes

Levels and vault maps discovered:
D:1:      lightli_arrival_boilingwater, layout_loops_cross
D:2:      layout_loops_cross, basic_altar, shapermc_ecumenical_altar_venn,
          minmay_misc_feat_iff
D:3:      layout_basic, minmay_quadrilaterals
D:4:      layout_basic, minmay_temple_entry_wispy, gup_sewer_entry_pipe
Temple:   hellmonk_temple_divided_pantheon

Skill      XL: |  1  2 |
---------------+-------+-----
Axes           | 2 |  2.6
Armour         | 3 |  3.3
Shields        | 3 |  3.3
Fighting       | |  3.6

Action                     |  1- 3 |  4- 6 || total
---------------------------+-------+-------++-------
  Melee: War axe           |   151 |     9 ||   160
         Mace              |       |     8 ||     8
   Stab: Sleeping          |     4 |     1 ||     5
         Distracted        |     1 |       ||     1
 Armour: Scale mail        |    31 |       ||    31
         Leather armour    |    25 |     7 ||    32
  Dodge: Dodged            |    73 |    22 ||    95
  Block: Buckler           |    41 |    10 ||    51

Table legend: (Time is in decaauts)
 A = Elapsed time spent in this place.
 B = Non-inter-level travel time spent in this place.
 C = Inter-level travel time spent in this place.
 D = Time resting spent in this place.
 E = Time spent auto-exploring this place.
 F = Levels seen in this place.
 G = Mean time per level.
                   A        B        C        D        E       F      G
               +--------+--------+--------+--------+--------+-----+--------+
         Total |   2885 |   2792 |     93 |     47 |   2207 |   5 |  577.0 |
       Dungeon |   2783 |   2690 |     93 |      0 |   2207 |   4 |  695.8 |
        Temple |    102 |    102 |      0 |     47 |      0 |   1 |  102.0 |
               +--------+--------+--------+--------+--------+-----+--------+

Top non-repeatable levels by time:
     D:3: 984 daAuts
     D:1: 753 daAuts
     D:2: 677 daAuts
     D:4: 368 daAuts
  Temple: 102 daAuts
